PCL
TEXARKANA BEARS @ REDWOOD CITY REDWOODS
09/10/2027
 
TOP OF THE 1ST
Texarkana Bears batting - Pitching for Redwood City Redwoods : RHP Ramiro Piña
Pitching: RHP Ramiro Piña
Batting: RHB Steve Garneys 0-0: Ball
1-0: Ball
2-0: Ball
3-0: Called Strike
3-1: Base on Balls
Batting: LHB Alberto Medine 0-0: Ball
1-0: Ground out U3 (Groundball, 3)
Steve Garneys to second
Batting: LHB Sam Barnes 0-0: Ball
1-0: Foul Ball, location: 2F
1-1: Swinging Strike
1-2: Ground out 3-1 (Groundball, 34)
Steve Garneys to third
Batting: RHB Billy Campbell 0-0: Foul Ball, location: 2F
0-1: Foul Ball, location: 2F
0-2: Ball
1-2: Ball
2-2: Strikes out looking
Top of the 1st over - 0 run(s), 0 hit(s), 0 error(s), 1 left on base; Texarkana 0 - Redwood City 0
BOTTOM OF THE 1ST
Redwood City Redwoods batting - Pitching for Texarkana Bears : RHP Enrique Valdés
Pitching: RHP Enrique Valdés
Batting: LHB Mike Harris 0-0: Ground out 4-3 (Groundball, 4)
Batting: LHB Keith Green 0-0: Ground out U3 (Groundball, 34S)
Batting: RHB Cheng-ho Qiao 0-0: Ground out 1-3 (Groundball, P)
Bottom of the 1st over - 0 run(s), 0 hit(s), 0 error(s), 0 left on base; Texarkana 0 - Redwood City 0
TOP OF THE 2ND
Texarkana Bears batting - Pitching for Redwood City Redwoods : RHP Ramiro Piña
Batting: LHB Tom Mullins 0-0: Ball
1-0: Ball
2-0: Ball
3-0: Base on Balls
Batting: RHB Taki Chikafuji 0-0: Ball
1-0: Ball
2-0: Ball
3-0: Base on Balls
Tom Mullins to second
Batting: LHB Mark Thomas 0-0: Called Strike
0-1: Reached on error, E3 (Groundball, 34)
Tom Mullins to third
Taki Chikafuji to second
Batting: RHB Juan Rico 0-0: Called Strike
0-1: Swinging Strike
0-2: Ball
1-2: Fielders Choice at 2nd, 5-4 (Groundball, 56)
Tom Mullins scores
Taki Chikafuji to third
Batting: RHB Arturo Rodríguez 0-0: Ball
1-0: Foul Ball, location: 2F
1-1: Foul Ball, location: 2F
1-2: Ball
2-2: Ball
3-2: Fly out, F9 (Flyball, 9)
Batting: RHB Steve Garneys 0-0: Ball
1-0: Ball
2-0: Ground out 5-3 (Groundball, 56)
Top of the 2nd over - 1 run(s), 0 hit(s), 1 error(s), 2 left on base; Texarkana 1 - Redwood City 0
BOTTOM OF THE 2ND
Redwood City Redwoods batting - Pitching for Texarkana Bears : RHP Enrique Valdés
Batting: RHB Tokuhei Kobayashi 0-0: Ball
1-0: Foul Ball, location: 2F
1-1: Foul Ball, location: 2F
1-2: Ball
2-2: Ball
3-2: SINGLE (Groundball, 6MD)
Batting: RHB Robert Downing 0-0: Ball
1-0: SINGLE (Line Drive, 89S)
Tokuhei Kobayashi to second
Batting: LHB Pedro Rodríguez 0-0: Ball
1-0: Ball
2-0: SINGLE (Groundball, 3L) (infield hit)
Tokuhei Kobayashi to third
Robert Downing to second
Batting: LHB Tristan Walker 0-0: Ball
1-0: Called Strike
1-1: Foul Ball, location: 2F
1-2: Ball
2-2: Strikes out looking
Batting: RHB Anastasio García 0-0: Called Strike
0-1: Ball
1-1: Fly out, F9 (Flyball, 89D)
Runner from 3rd tags up, SCORES, no throw
Batting: RHB Carlos Gonzáles 0-0: Ball
1-0: Foul Ball, location: 2F
1-1: Swinging Strike
1-2: Reached on error, E6 (Groundball, 6)
Robert Downing to third
Pedro Rodríguez to second
Batting: LHB Mike Harris 0-0: Foul Ball, location: 2F
0-1: Called Strike
0-2: Ball
1-2: Fly out, F8 (Flyball, 8RD)
Bottom of the 2nd over - 1 run(s), 3 hit(s), 1 error(s), 3 left on base; Texarkana 1 - Redwood City 1
TOP OF THE 3RD
Texarkana Bears batting - Pitching for Redwood City Redwoods : RHP Ramiro Piña
Batting: LHB Alberto Medine 0-0: Ball
1-0: Called Strike
1-1: Ground out 6-3 (Groundball, 6)
Batting: LHB Sam Barnes 0-0: Called Strike
0-1: Ball
1-1: Fly out, F9 (Flyball, 9S)
Batting: RHB Billy Campbell 0-0: Ball
1-0: Ball
2-0: Ball
3-0: Base on Balls
Batting: LHB Tom Mullins 0-0: Ball
1-0: Ball
2-0: Fielders Choice at 2nd, 6-4 (Groundball, 6)
Top of the 3rd over - 0 run(s), 0 hit(s), 0 error(s), 0 left on base; Texarkana 1 - Redwood City 1
BOTTOM OF THE 3RD
Redwood City Redwoods batting - Pitching for Texarkana Bears : RHP Enrique Valdés
Batting: LHB Keith Green 0-0: Fly out, F9 (Flyball, 89M)
Batting: RHB Cheng-ho Qiao 0-0: Ball
1-0: Swinging Strike
1-1: Ground out 6-3 (Groundball, 6)
Batting: RHB Tokuhei Kobayashi 0-0: SINGLE (Line Drive, 9)
Batting: RHB Robert Downing 0-0: Ball
1-0: Ball
2-0: Ball
3-0: Base on Balls
Tokuhei Kobayashi to second
Batting: LHB Pedro Rodríguez 0-0: Ball
1-0: Called Strike
1-1: SINGLE (Groundball, 34D)
Tokuhei Kobayashi to third
Robert Downing to second
Runner from 3rd tries for Home, SAFE, no throw
Batting: LHB Tristan Walker 0-0: Ball
1-0: Reached via error on a dropped throw, E3
Robert Downing to third
Pedro Rodríguez to second
Batting: RHB Anastasio García 0-0: Called Strike
0-1: Ball
1-1: Ball
2-1: Ball
3-1: Base on Balls
Robert Downing scores
Pedro Rodríguez to third
Tristan Walker to second
Batting: RHB Carlos Gonzáles 0-0: Ball
1-0: Foul Ball, location: 2F
1-1: Ball
2-1: Ball
3-1: Called Strike
3-2: GRAND SLAM HOME RUN (Flyball, 7D), Distance : 342 ft
Batting: LHB Mike Harris 0-0: Ball
1-0: Ball
2-0: Called Strike
2-1: Ball
3-1: Base on Balls
Batting: LHB Keith Green 0-0: Foul Ball, location: 2F
0-1: Foul Ball, location: 2F
0-2: Ball
1-2: SINGLE (Line Drive, 34D)
Mike Harris to second
Runner from 2nd tries for 3rd, SAFE, throw made to third
Batting: RHB Cheng-ho Qiao 0-0: Ball
1-0: Swinging Strike
1-1: Ball
2-1: Ball
3-1: Base on Balls
Keith Green to second
Batting: RHB Tokuhei Kobayashi 0-0: Ball
1-0: Swinging Strike
1-1: Ball
2-1: Ball
3-1: Foul Ball, location: 2F
3-2: SINGLE (Groundball, 6MD)
Mike Harris scores
Keith Green to third
Cheng-ho Qiao to second
Keith Green scores
Cheng-ho Qiao to third
Pitching: RHP António Ramírez
Batting: RHB Robert Downing 0-0: Ball
1-0: Called Strike
1-1: Swinging Strike
1-2: SINGLE (Line Drive, 8LS)
Cheng-ho Qiao scores
Tokuhei Kobayashi to second
Batting: LHB Pedro Rodríguez 0-0: DOUBLE (Line Drive, 9LM)
Tokuhei Kobayashi scores
Robert Downing to third
Runner from 3rd tries for Home, SAFE, no throw
Batting: LHB Tristan Walker 0-0: Ground out 5-3 (Groundball, 56S)
Bottom of the 3rd over - 11 run(s), 7 hit(s), 1 error(s), 1 left on base; Texarkana 1 - Redwood City 12
TOP OF THE 4TH
Texarkana Bears batting - Pitching for Redwood City Redwoods : RHP Ramiro Piña
Batting: RHB Taki Chikafuji 0-0: Swinging Strike
0-1: Swinging Strike
0-2: Ground out 3-1 (Groundball, 3S)
Batting: LHB Mark Thomas 0-0: Ball
1-0: Ball
2-0: Ball
3-0: Base on Balls
Batting: RHB Juan Rico 0-0: Ball
1-0: Ball
2-0: Ball
3-0: Called Strike
3-1: Swinging Strike
3-2: Grounds into double play, 4-6-3 (Groundball, 4M)
Top of the 4th over - 0 run(s), 0 hit(s), 0 error(s), 0 left on base; Texarkana 1 - Redwood City 12
BOTTOM OF THE 4TH
Redwood City Redwoods batting - Pitching for Texarkana Bears : RHP António Ramírez
Batting: RHB Anastasio García 0-0: Ball
1-0: Called Strike
1-1: Ball
2-1: Called Strike
2-2: Strikes out swinging
Batting: RHB Carlos Gonzáles 0-0: Called Strike
0-1: Ball
1-1: Ball
2-1: Foul Ball, location: 2F
2-2: SINGLE (Groundball, 6MD)
Batting: LHB Mike Harris 0-0: Foul Ball, location: 2F
0-1: Foul Ball, location: 2F
0-2: Strikes out swinging
Batting: LHB Keith Green 0-0: SINGLE (Line Drive, 3D)
Carlos Gonzáles to second
Batting: RHB Cheng-ho Qiao 0-0: Foul Ball, location: 2F
0-1: Fly out, F8 (Flyball, 8RD)
Bottom of the 4th over - 0 run(s), 2 hit(s), 0 error(s), 2 left on base; Texarkana 1 - Redwood City 12
TOP OF THE 5TH
Texarkana Bears batting - Pitching for Redwood City Redwoods : RHP Ramiro Piña
Batting: RHB Arturo Rodríguez 0-0: Swinging Strike
0-1: Foul Ball, location: 2F
0-2: Ground out 6-3 (Groundball, 6)
Batting: RHB Steve Garneys 0-0: Fly out, F7 (Flyball, 7)
Batting: LHB Alberto Medine 0-0: Foul Ball, location: 2F
0-1: Ground out 4-3 (Groundball, 4)
Top of the 5th over - 0 run(s), 0 hit(s), 0 error(s), 0 left on base; Texarkana 1 - Redwood City 12
BOTTOM OF THE 5TH
Redwood City Redwoods batting - Pitching for Texarkana Bears : RHP António Ramírez
Batting: RHB Tokuhei Kobayashi 0-0: Foul Ball, location: 2F
0-1: Called Strike
0-2: Strikes out looking
Batting: RHB Robert Downing 0-0: Called Strike
0-1: Ball
1-1: Foul Ball, location: 2F
1-2: Foul Ball, location: 2F
1-2: SINGLE (Line Drive, 89S)
Batting: LHB Pedro Rodríguez 0-0: Called Strike
0-1: Foul Ball, location: 2F
0-2: Ball
1-2: Fielders Choice at 2nd, 3-6 (Groundball, 34)
Batting: LHB Tristan Walker 0-0: Called Strike
0-1: Called Strike
Pedro Rodríguez steals 2nd base
0-2: Ball
1-2: Foul Ball, location: 2F
1-2: Strikes out looking
Bottom of the 5th over - 0 run(s), 1 hit(s), 0 error(s), 1 left on base; Texarkana 1 - Redwood City 12
TOP OF THE 6TH
Texarkana Bears batting - Pitching for Redwood City Redwoods : RHP Ramiro Piña
Batting: LHB Sam Barnes 0-0: Ball
1-0: Foul Ball, location: 2F
1-1: Foul Ball, location: 2F
1-2: SINGLE (Line Drive, 4D)
Batting: RHB Billy Campbell 0-0: Foul Ball, location: 2F
0-1: Fly out, F3 (Popup, 34)
Batting: LHB Tom Mullins 0-0: Swinging Strike
0-1: Called Strike
0-2: Strikes out looking
Batting: RHB Taki Chikafuji 0-0: Fly out, F8 (Flyball, 78D)
Top of the 6th over - 0 run(s), 1 hit(s), 0 error(s), 1 left on base; Texarkana 1 - Redwood City 12
BOTTOM OF THE 6TH
Redwood City Redwoods batting - Pitching for Texarkana Bears : RHP António Ramírez
Batting: RHB Anastasio García 0-0: Ball
1-0: Called Strike
1-1: Ball
2-1: SINGLE (Groundball, 6MD)
Batting: RHB Carlos Gonzáles 0-0: Called Strike
0-1: Fly out, F9 (Line Drive, 89S)
Batting: LHB Mike Harris 0-0: Ball
1-0: Ball
2-0: Called Strike
2-1: Ball
3-1: Base on Balls
Anastasio García to second
Batting: LHB Keith Green 0-0: Called Strike
0-1: Ball
1-1: Foul Ball, location: 2F
1-2: Foul Ball, location: 2F
1-2: Ball
2-2: Fly out, F8 (Flyball, 8LM)
Batting: RHB Cheng-ho Qiao 0-0: Ball
1-0: Ball
2-0: Called Strike
2-1: Fly out, F7 (Flyball, 7D)
Bottom of the 6th over - 0 run(s), 1 hit(s), 0 error(s), 2 left on base; Texarkana 1 - Redwood City 12
TOP OF THE 7TH
Texarkana Bears batting - Pitching for Redwood City Redwoods : RHP Ramiro Piña
Pinch Hitting: RHB Michael Barraclough 0-0: Called Strike
0-1: Swinging Strike
0-2: Strikes out swinging
Batting: RHB Juan Rico 0-0: Swinging Strike
0-1: Swinging Strike
0-2: Strikes out swinging
Batting: RHB Arturo Rodríguez 0-0: Called Strike
0-1: Called Strike
0-2: Ball
1-2: Ball
2-2: Ball
3-2: Foul Ball, location: 2F
3-2: Foul Ball, location: 2F
3-2: Foul Ball, location: 2F
3-2: Foul Ball, location: 2F
3-2: Base on Balls
Batting: RHB Steve Garneys 0-0: Ball
1-0: Called Strike
1-1: Ball
2-1: Called Strike
2-2: Fly out, F9 (Flyball, 89M)
Top of the 7th over - 0 run(s), 0 hit(s), 0 error(s), 1 left on base; Texarkana 1 - Redwood City 12
BOTTOM OF THE 7TH
Redwood City Redwoods batting - Pitching for Texarkana Bears : RHP António Ramírez
Now in RF: Michael Barraclough
Batting: RHB Tokuhei Kobayashi 0-0: Ground out 5-3 (Groundball, 5S)
Batting: RHB Robert Downing 0-0: Called Strike
0-1: Ball
1-1: SOLO HOME RUN (Flyball, 9D), Distance : 347 ft
Pitching: RHP Ralph Willaims
Batting: LHB Pedro Rodríguez 0-0: Ball
1-0: Ball
2-0: Reached on error, E4 (Groundball, 4)
Batting: LHB Tristan Walker 0-0: Ball
1-0: Called Strike
1-1: Swinging Strike
1-2: Foul Ball, location: 2F
1-2: Foul Ball, location: 2F
1-2: Grounds into double play, 3-6-3 (Groundball, 34)
Bottom of the 7th over - 1 run(s), 1 hit(s), 1 error(s), 0 left on base; Texarkana 1 - Redwood City 13
TOP OF THE 8TH
Texarkana Bears batting - Pitching for Redwood City Redwoods : RHP Ramiro Piña
Pitching: RHP Gil Paling
Batting: LHB Alberto Medine 0-0: DOUBLE (Line Drive, 89M)
Batting: LHB Sam Barnes 0-0: Ball
1-0: Called Strike
1-1: Ball
2-1: Foul Ball, location: 2F
2-2: Foul Ball, location: 2F
2-2: Ball
3-2: Strikes out swinging
Batting: RHB Billy Campbell 0-0: Ball
1-0: Foul Ball, location: 2F
1-1: Called Strike
1-2: Ball
2-2: Foul Ball, location: 2F
2-2: Strikes out swinging
Batting: LHB Tom Mullins 0-0: Called Strike
0-1: Ball
1-1: Ball
2-1: Swinging Strike
2-2: Strikes out swinging
Top of the 8th over - 0 run(s), 1 hit(s), 0 error(s), 1 left on base; Texarkana 1 - Redwood City 13
BOTTOM OF THE 8TH
Redwood City Redwoods batting - Pitching for Texarkana Bears : RHP Ralph Willaims
Batting: RHB Anastasio García 0-0: Foul Ball, location: 2F
0-1: Ball
1-1: Ball
2-1: Foul Ball, location: 2F
2-2: Foul Ball, location: 2F
2-2: Ball
3-2: Base on Balls
Batting: RHB Carlos Gonzáles 0-0: Called Strike
0-1: Foul Ball, location: 2F
0-2: Ball
1-2: SINGLE (Line Drive, 8RS)
Anastasio García to second
Batting: LHB Mike Harris 0-0: Called Strike
0-1: Fly out, F6 (Flyball, 56D)
Batting: LHB Keith Green 0-0: Ball
1-0: Called Strike
1-1: Called Strike
1-2: Ball
2-2: Foul Ball, location: 2F
2-2: Foul Ball, location: 2F
2-2: Fly out, F8 (Flyball, 8LD)
Runner from 2nd tags up, SAFE at 3rd, no throw
Batting: RHB Cheng-ho Qiao 0-0: Called Strike
0-1: Swinging Strike
0-2: Ball
1-2: Strikes out swinging
Bottom of the 8th over - 0 run(s), 1 hit(s), 0 error(s), 2 left on base; Texarkana 1 - Redwood City 13
TOP OF THE 9TH
Texarkana Bears batting - Pitching for Redwood City Redwoods : RHP Gil Paling
Batting: RHB Taki Chikafuji 0-0: Called Strike
0-1: Ground out 4-3 (Groundball, 4)
Batting: RHB Michael Barraclough 0-0: Called Strike
0-1: Ball
1-1: Ball
2-1: Swinging Strike
2-2: Strikes out looking
Pinch Hitting: RHB Keith Ford 0-0: Ball
1-0: Foul Ball, location: 2F
1-1: Ball
2-1: Called Strike
2-2: Foul Ball, location: 2F
2-2: Ball
3-2: Fly out, F8 (Flyball, 8RM)
Top of the 9th over - 0 run(s), 0 hit(s), 0 error(s), 0 left on base; Texarkana 1 - Redwood City 13
Thursday, March 30th, 2017 - OOTP Baseball 17.12 Build 75